 Dungeon Crawl Stone Soup version 0.22.1-1-ga44c0e56f4 (webtiles) character file.

46 LLavrengius the Chiller (level 3, -5/22 HPs)
             Began as a Gargoyle Ice Elementalist on Sept 28, 2018.
             Slain by a gnoll
             ... wielding a +0 spear
              (7 damage)
             ... on level 2 of the Dungeon.
             The game lasted 00:06:43 (1257 turns).

LLavrengius the Chiller (Gargoyle Ice Elementalist) Turns: 1257, Time: 00:06:44

Health: -5/22      AC: 10    Str: 11    XL:     3   Next: 66%
Magic:  1/6        EV: 12    Int: 16    God:
Gold:   72         SH:  0    Dex: 10    Spells: 2/6 levels left

rFire    . . .     SeeInvis .   f - +0 club
rCold    . . .     Gourm    .   (no shield)
rNeg     + . .     Faith    +   a - +0 robe
rPois    ∞         Spirit   .   (no helmet)
rElec    +         Reflect  .   (no cloak)
rCorr    .         Harm     .   (no gloves)
MR       .....                  (no boots)
Stlth    ++........             i - amulet of faith
HPRegen  0.07/turn              k - ring of poison resistance
MPRegen  0.10/turn              (no ring)

@: icy armour
A: negative energy resistance 1, electricity resistance, unbreathing,
petrification resistance, rot immunity, AC +3
a: no special abilities


You were on level 2 of the Dungeon.
You were not hungry.

You visited 1 branch of the dungeon, and saw 2 of its levels.

You collected 72 gold pieces.

Inventory:

Hand Weapons
 f - a +0 club (weapon)
 h - a cursed -1 whip
Missiles
 e - 6 arrows
 g - 47 stones (quivered)
Armour
 a - a +0 robe (worn)
Jewellery
 i - an amulet of faith (around neck)
 k - a ring of poison resistance (left hand)
Scrolls
 b - 2 scrolls of remove curse {unknown}
 j - 2 scrolls of amnesia {unknown}
 l - a scroll of teleportation {unknown}
Comestibles
 c - a ration
 d - 6 chunks of flesh


   Skills:
 + Level 2.3 Fighting
 - Level 1.5 Dodging
 - Level 2.1 Stealth
 - Level 2.0 Spellcasting
   Level 1.1 Conjurations
 + Level 3.8 Ice Magic


You had 2 spell levels left.
You knew the following spells:

 Your Spells              Type           Power        Failure   Level  Hunger
a - Freeze                Ice            ##..         4%          1    #......
b - Ozocubu's Armour      Chrm/Ice       #.......     28%         3    ###....

Your spell library contained the following spells:

 Spells                   Type           Power        Failure   Level  Hunger
 Throw Frost              Conj/Ice       #.....       12%         2    ###....
 Throw Icicle             Conj/Ice       #.......     58%         4    #####..
 Summon Ice Beast         Ice/Summ       #.......     67%         4    #####..


Dungeon Overview and Level Annotations

Branches:
Dungeon (2/15)

Altars:
Nemelex Xobeh


Innate Abilities, Weirdness & Mutations

You are resistant to torment.
Your stone body is resilient. (AC +3)
You are immune to poison.
You resist negative energy. (rN+)
You are resistant to electric shocks. (rElec)
You can survive without breathing.
You are immune to petrification.
You are immune to rotting.


Message History

The gnoll closely misses you.
You closely miss the gnoll.
The gnoll is moderately wounded.
The gnoll completely misses you.
You hit the gnoll but do no damage.
The gnoll is moderately wounded.
The gnoll hits you but does no damage. x2
You hit the gnoll.
The gnoll is heavily wounded.
The gnoll barely misses you.
You hit the gnoll but do no damage.
The gnoll is heavily wounded.
The gnoll closely misses you.
You closely miss the gnoll.
The gnoll is heavily wounded.
The gnoll barely misses you.
You hit the gnoll.
The gnoll is severely wounded.
The gnoll hits you with a spear!
You die...

#.## .. .. . #####.## .#
## ##......##.# ..
##........#.# ....
#...........# ###.#..
#.......†...# ##.....
#...........######....#
#..........###.......###
#..⌠.⌠.......@g........#
##.._......####........#
#..⌠.⌠.....# #).......#
#..........# #........#
#..........#
#..........(.
#..........#
#.....=......
#..........#
#............
##........##
#########.... ##......##
?..>


You could see a gnoll.

Vanquished Creatures
  A gnoll (D:2)
  3 dart slugs (D:1)
  3 bats (D:1)
  2 giant cockroaches (D:1)
  3 goblins (D:1)
  3 hobgoblins
  A jackal (D:1)
  4 kobolds
  A quokka (D:2)
  A ball python (D:1)
  5 frilled lizards (D:1)
  4 rats (D:1)
31 creatures vanquished.

Notes
Turn   | Place    | Note
-------+----------+-------------------------------------------
     0 | D:1      | LLavrengius the Gargoyle Ice Elementalist began the quest
                  | for the Orb.
     0 | D:1      | Reached XP level 1. HP: 10/10 MP: 3/3
     7 | D:1      | Noticed a wolf
     7 | D:1      | Noticed an anaconda
     7 | D:1      | Noticed a redback
     7 | D:1      | Noticed a wyvern
   106 | D:1      | Reached skill level 1 in Fighting
   106 | D:1      | Reached XP level 2. HP: 4/16 MP: 1/5
   624 | D:1      | Reached XP level 3. HP: 10/21 MP: 6/6
   819 | D:1      | Learned a level 3 spell: Ozocubu's Armour
  1139 | D:2      | Found a sparkling altar of Nemelex Xobeh.
  1250 | D:2      | HP: 1/22 [gnoll/spear (4)]
  1257 | D:2      | Slain by a gnoll

Skill      XL: |  1  2  3 |
---------------+----------+-----
Fighting       | 1 2 |  2.3
Dodging        | |  1.5
Stealth        | |  2.1
Spellcasting   | |  2.0
Conjurations   | |  1.1
Ice Magic      | |  3.8

Action                   || total
-------------------------++-------
Melee: Unarmed           ||     8
       Club              ||   100
 Cast: Freeze            ||    28
       Ozocubu's Armour  ||     4
  Eat: Chunk             ||     2
Armor: Robe              ||    53
Dodge: Dodged            ||   104
